[Event "Team 45 45 League T40"]
[Site "Internet Chess Club"]
[Date "2009.02.13"]
[Round "3"]
[White "cesaralexander"]
[Black "charles-allen"]
[Result "1/2-1/2"]
[WhiteElo "1916"]
[BlackElo "1874"]
[Opening "QGD: Tarrasch, Prague variation, 9.Bg5"]
[ECO "D34"]
[Time "21:23:12"]
[TimeControl "2700+45"]

1. d4 d5 2. c4 e6 3. Nc3 c5 4. cxd5 exd5 5. Nf3 Nc6 6. g3 Nf6 7. Bg2 Be7 8. O-O
O-O 9. Bg5 cxd4 10. Nxd4 h6 11. Be3 Re8 12. Rc1 Bg4 13. h3 Be6 14. Nxc6 bxc6 15.
Na4 Qd7 16. Kh2 Bf5 17. Bc5 Ne4 18. Bxe7 Rxe7 19. e3 Rb8 20. b3 Qd6 21. Qd4 Rb4
22. Rxc6 Qxc6 23. Qxb4 Rb7 24. Qd4 Qb5 25. Nc3 Nxc3 26. Qxc3 Be4 27. Bxe4 dxe4
28. Rc1 Rd7 29. Qc8+ Kh7 30. Qe8 Qf5 31. Rc2 Rd1 32. f4 exf3 33. Rf2 Qb1 34. g4
Rh1+ 35. Kg3 Qg1+ 36. Kxf3 Rxh3+ 37. Ke2 Qxg4+ 38. Kd2 Qb4+ 39. Ke2 Qg4+ 40. Kd2
Qb4+ {Game drawn by mutual agreement} 1/2-1/2

[Event "Team 45 45 League T40"]
[Site "Internet Chess Club"]
[Date "2009.02.14"]
[Round "3"]
[White "mcplayerus"]
[Black "frank001"]
[Result "1-0"]
[WhiteElo "2047"]
[BlackElo "1944"]
[Opening "Queen's gambit declined"]
[ECO "D30"]
[Time "01:00:04"]
[TimeControl "2700+45"]

1. d4 d5 2. c4 e6 3. Nf3 f5 4. g3 c6 5. Bg2 Nf6 6. O-O Bd6 7. Nc3 Qe7 8. Qc2 O-O
9. Ne1 Nbd7 10. b3 g6 11. Nd3 Ne4 12. Rb1 Qg7 13. Bb2 g5 14. b4 Ndf6 15. b5 Qh6
16. Ne5 Bxe5 17. dxe5 Nxc3 18. Bxc3 Ne4 19. f4 Bd7 20. Bxe4 fxe4 21. Bd2 gxf4
22. Bxf4 Qg6 23. e3 Rf5 24. Rf2 Raf8 25. a4 Be8 26. a5 Qg4 27. Qe2 Qh3 28. a6
bxa6 29. bxa6 Bh5 30. Qc2 Bf3 31. cxd5 exd5 32. Qxc6 Rxf4 33. exf4 Rd8 34. Rb7
Rc8 35. Rc7 Rd8 36. Qf6 {Black resigns} 1-0

[Event "Team 45 45 League T40"]
[Site "Internet Chess Club"]
[Date "2009.02.14"]
[Round "3"]
[White "QueensCounselor"]
[Black "natethegreat"]
[Result "1-0"]
[WhiteElo "1977"]
[BlackElo "1801"]
[Opening "Sicilian: dragon, Yugoslav attack"]
[ECO "B76"]
[Time "15:00:05"]
[TimeControl "2700+45"]

1. e4 c5 2. Nf3 d6 3. d4 cxd4 4. Nxd4 Nf6 5. Nc3 g6 6. f3 Bg7 7. Be3 Nc6 8. Qd2
O-O 9. g4 Ne5 10. O-O-O Bd7 11. Bh6 Rc8 12. Bxg7 Kxg7 13. g5 Nh5 14. f4 Nc4 15.
Bxc4 Rxc4 16. f5 Qa5 17. Kb1 Qe5 18. Rhe1 Rfc8 19. Nd5 Kf8 20. Nf3 Qh8 21. c3
Re8 22. f6 e6 23. Nc7 Rc6 24. Nxe8 Kxe8 25. Ne5 Rb6 26. Nc4 {Black resigns} 1-0

[Event "Team 45 45 League T40"]
[Site "Internet Chess Club"]
[Date "2009.02.21"]
[Round "3"]
[White "avila"]
[Black "LoseOften"]
[Result "0-1"]
[WhiteElo "1714"]
[BlackElo "1807"]
[Opening "Sicilian: Najdorf, Byrne (English) attack"]
[ECO "B90"]
[Time "12:07:36"]
[TimeControl "2700+45"]

1. e4 c5 2. Nf3 d6 3. d4 cxd4 4. Nxd4 Nf6 5. Nc3 a6 6. Be3 Ng4 7. Qd2 Nxe3 8.
Qxe3 Nc6 9. Nb3 e6 10. a3 Be7 11. Rd1 O-O 12. f4 b5 13. Na2 Bb7 14. e5 Qc7 15.
Nd4 dxe5 16. Nxc6 Bh4+ 17. Kd2 exf4 18. Qh3 Bg5 19. Ncb4 Rad8+ 20. Nd3 f3+ 21.
Ke1 Qxc2 22. gxf3 Rd4 23. Qg2 Bh4+ 24. Qg3 Bxg3+ 25. hxg3 Bxf3 26. Rd2 Qxd2+ 27.
Kxd2 Bxh1 28. Nb4 Rfd8 29. Kc3 Rc4+ 30. Kb3 Bd5 31. Nxd5 exd5 32. Nb4 Rc1 33.
Bg2 d4 34. Nxa6 d3 35. Bf3 d2 36. Be2 {White resigns} 0-1

[Event "Team 45 45 League T40"]
[Site "Internet Chess Club"]
[Date "2009.02.14"]
[Round "3"]
[White "Steinwitz"]
[Black "vkpanch"]
[Result "0-1"]
[WhiteElo "1724"]
[BlackElo "1720"]
[Opening "Sicilian: accelerated fianchetto, Maróczy bind, 6.Be3"]
[ECO "B38"]
[Time "13:02:53"]
[TimeControl "2700+45"]

1. e4 c5 2. Nf3 Nc6 3. d4 cxd4 4. Nxd4 g6 5. c4 Bg7 6. Be3 Nf6 7. Nc3 d6 8. Be2
O-O 9. O-O Nd7 10. Rc1 Nb6 11. Kh1 Ne5 12. b3 h5 13. h3 Nc6 14. Nf3 Bd7 15. Qd2
Qc7 16. Nd5 Qd8 17. Nxb6 axb6 18. a4 Ne5 19. Nxe5 Bxe5 20. f4 Bg7 21. Qb4 Qc8
22. Qxb6 Bb2 23. Rc2 Ba3 24. Qd4 Bc5 25. Qd3 Bxe3 26. Qxe3 Qc5 27. Qc3 Bc6 28.
Bf3 Qa5 29. Qxa5 Rxa5 30. Rfc1 f5 31. g3 fxe4 32. Bg2 e5 33. fxe5 Rxe5 34. Rd2
e3 35. Re2 Rf2 36. Rxf2 exf2 37. Kh2 Bxg2 38. Kxg2 Re1 {White resigns} 0-1

[Event "Team 45 45 League T40"]
[Site "Internet Chess Club"]
[Date "2009.02.14"]
[Round "3"]
[White "Caminator"]
[Black "predkoo"]
[Result "0-1"]
[WhiteElo "1807"]
[BlackElo "1781"]
[Opening "Giuoco Pianissimo"]
[ECO "C50"]
[Time "11:00:12"]
[TimeControl "2700+45"]

1. e4 e5 2. Nf3 Nc6 3. Bc4 Bc5 4. d3 Nf6 5. Bg5 d6 6. h3 Be6 7. Nc3 Bxc4 8. dxc4
h6 9. Bxf6 Qxf6 10. a3 Nd4 11. Nxd4 Bxd4 12. Qd2 c6 13. O-O Qg6 14. Kh1 O-O 15.
Rae1 Rad8 16. f4 f5 17. exf5 Rxf5 18. g4 Rxf4 19. Rxf4 Bxc3 20. Qxc3 exf4 21.
Qd3 Qxd3 22. cxd3 Kf7 23. Kg2 Re8 24. Rxe8 Kxe8 25. Kf3 g5 26. h4 Ke7 27. h5 Ke6
28. d4 c5 29. dxc5 dxc5 30. Ke4 a5 31. b3 Kd6 32. a4 Ke6 33. Kf3 Ke5 34. Kf2 Ke4
35. Ke2 f3+ 36. Kf2 Kf4 37. Kf1 Kxg4 38. Kf2 Kf4 39. Kf1 g4 40. b4 g3 41. bxc5
Ke3 42. c6 bxc6 43. c5 g2+ 44. Kg1 Ke2 45. Kh2 Kf2 46. Kh3 g1=Q 47. Kh4 Qg5+ 48.
Kh3 Qg3# {White checkmated} 0-1

[Event "Team 45 45 League T40"]
[Site "Internet Chess Club"]
[Date "2009.02.15"]
[Round "3"]
[White "pedrin"]
[Black "FiendAngelical"]
[Result "1-0"]
[WhiteElo "1635"]
[BlackElo "1913"]
[Opening "Sicilian: Alapin's variation (2.c3)"]
[ECO "B22"]
[Time "12:49:22"]
[TimeControl "2700+45"]

1. e4 c5 2. c3 d5 3. exd5 Qxd5 4. d4 Nf6 5. dxc5 Qxc5 6. Be3 Qc7 7. Nf3 Bg4 8.
Bb5+ Nbd7 9. O-O a6 10. Be2 e6 11. Qd4 Bc5 12. Qd3 Bd6 13. Nbd2 Rd8 14. h3 Bh5
15. Nc4 Nc5 16. Nxd6+ Rxd6 17. Qc4 Rc6 18. Bxc5 Rxc5 19. Qa4+ Qd7 20. Qxd7+ Nxd7
21. Rfd1 Nf6 22. Rd4 Rd5 23. Rad1 Ke7 24. g4 Rxd4 25. Rxd4 Bg6 26. Ne5 Rd8 27.
Rxd8 Kxd8 28. Nxg6 hxg6 29. Bf3 Kc7 30. g5 Nd7 31. b4 b6 32. Be2 a5 33. bxa5
bxa5 34. Bb5 Ne5 35. f4 Nc6 36. Kf2 Kb6 37. Ba4 f6 38. Ke3 Ne7 39. Bb3 Nd5+ 40.
Bxd5 exd5 41. Kd4 Kc6 42. gxf6 gxf6 43. h4 Kd6 44. f5 g5 45. h5 g4 46. h6 g3 47.
Ke3 {Black resigns} 1-0

[Event "Team 45 45 League T40"]
[Site "Internet Chess Club"]
[Date "2009.02.17"]
[Round "3"]
[White "chessateer"]
[Black "andrew28"]
[Result "1/2-1/2"]
[WhiteElo "1835"]
[BlackElo "1786"]
[Opening "Sicilian: Grand Prix attack"]
[ECO "B23"]
[Time "14:02:27"]
[TimeControl "2700+45"]

1. e4 c5 2. Nc3 Nc6 3. f4 e6 4. Nf3 g6 5. Bb5 Nd4 6. d3 Bg7 7. O-O a6 8. Bc4 b5
9. Bb3 Ne7 10. Ne2 Nxf3+ 11. Rxf3 Bb7 12. c3 O-O 13. Be3 Rc8 14. Bc2 d5 15. Rf1
Qc7 16. Qe1 b4 17. Rb1 a5 18. Qh4 dxe4 19. dxe4 f5 20. e5 Qc6 21. Qf2 Nd5 22.
Bd2 Rfd8 23. c4 Nb6 24. Rbd1 Nxc4 25. Bc1 a4 26. b3 axb3 27. axb3 Na3 28. Bxa3
bxa3 29. Bd3 Bf8 30. Bc4 a2 31. Nc3 Rxd1 32. Rxd1 Rd8 33. Qxa2 Rxd1+ 34. Nxd1
Bh6 35. Qd2 Kf7 36. Bf1 Qd5 {Game drawn by mutual agreement} 1/2-1/2

[Event "Team 45 45 League T40"]
[Site "Internet Chess Club"]
[Date "2009.02.15"]
[Round "3"]
[White "RLLN"]
[Black "rojito"]
[Result "1-0"]
[WhiteElo "1600"]
[BlackElo "1697"]
[Opening "Sicilian: Kan, 5.Nc3"]
[ECO "B43"]
[Time "10:01:12"]
[TimeControl "2700+45"]

1. e4 c5 2. Nf3 e6 3. d4 cxd4 4. Nxd4 a6 5. Nc3 Qc7 6. Bd3 Nf6 7. Be3 Bb4 8. Qd2
d5 9. exd5 Nxd5 10. Nde2 Nxe3 11. Qxe3 b5 12. a4 bxa4 13. Rxa4 Be7 14. Rc4 Qd7
15. Be4 Bb7 16. O-O Bf6 17. Rd1 Qe7 18. Qg3 e5 19. Nd5 Bxd5 20. Rc8+ Kd7 21.
Rxh8 {Black resigns} 1-0

[Event "Team 45 45 League T40"]
[Site "Internet Chess Club"]
[Date "2009.02.15"]
[Round "3"]
[White "AndersO"]
[Black "g8wrb"]
[Result "0-1"]
[WhiteElo "1419"]
[BlackElo "1581"]
[Opening "French: Tarrasch, closed variation, main line"]
[ECO "C06"]
[Time "15:30:14"]
[TimeControl "2700+45"]

1. e4 e6 2. d4 d5 3. Nd2 Nf6 4. e5 Nfd7 5. Bd3 c5 6. c3 Nc6 7. Ne2 cxd4 8. cxd4
f6 9. exf6 Nxf6 10. O-O Bd6 11. Nf3 O-O 12. Bf4 Kh8 13. Bxd6 Qxd6 14. Ng3 e5 15.
dxe5 Nxe5 16. Nxe5 Qxe5 17. Qe2 Qd6 18. Rfe1 Bd7 19. Bf5 Rae8 20. Qd3 Qf4 21.
Bxd7 Nxd7 22. Qxd5 Qxf2+ 23. Kh1 Rxe1+ 24. Rxe1 Qxe1+ 25. Nf1 Qxf1# {White
checkmated} 0-1

[Event "Team 45 45 League T40"]
[Site "Internet Chess Club"]
[Date "2009.02.14"]
[Round "3"]
[White "Visin"]
[Black "radiohead"]
[Result "1-0"]
[WhiteElo "1388"]
[BlackElo "1390"]
[Opening "English opening"]
[ECO "A16"]
[Time "12:56:51"]
[TimeControl "2700+45"]

1. c4 Nf6 2. Nc3 g6 3. g3 Bg7 4. Bg2 O-O 5. d4 d6 6. Bg5 Nbd7 7. e3 c6 8. Nge2
Qc7 9. O-O h6 10. Bxf6 Nxf6 11. b4 e5 12. dxe5 dxe5 13. c5 Be6 14. a3 Rad8 15.
Qc2 Bc4 16. Rad1 Rd7 17. Rxd7 Qxd7 18. Rd1 Qe7 19. Ne4 Bxe2 20. Qxe2 Nxe4 21.
Bxe4 f5 22. Bc2 b6 23. cxb6 axb6 24. Qc4+ Kh8 25. Qxc6 b5 26. Qxb5 e4 27. Bb3
Qa7 28. a4 Rb8 29. Qd5 Qe7 30. b5 Qb4 31. Qd6 Qxd6 32. Rxd6 Kh7 33. Bf7 {Black
resigns} 1-0

[Event "Team 45 45 League T40"]
[Site "Internet Chess Club"]
[Date "2009.02.15"]
[Round "3"]
[White "Esslinger"]
[Black "betto2506"]
[Result "1-0"]
[WhiteElo "1304"]
[BlackElo "1431"]
[Opening "King's Indian: Zinnowitz variation"]
[ECO "E61"]
[Time "15:18:06"]
[TimeControl "2700+45"]

1. d4 Nf6 2. c4 g6 3. Nc3 Bg7 4. Nf3 d6 5. Bg5 O-O 6. e4 Nbd7 7. Be2 e5 8. dxe5
Nxe5 9. Nxe5 dxe5 10. Qxd8 Rxd8 11. Nd5 h6 12. Bxf6 Rxd5 13. Bxg7 Ra5 14. Bxh6
Be6 15. Bg5 Kg7 16. O-O f6 17. Bd2 Rc5 18. b3 a6 19. Bb4 Rc6 20. Rfd1 a5 21. Bc3
b5 22. Rac1 b4 23. Ba1 Kf7 24. Rd2 Ke7 25. Rcd1 Rd6 26. g3 Rad8 27. Rxd6 cxd6
28. Bb2 g5 29. Bc1 Bf7 30. Be3 Bg6 31. f3 Ra8 32. c5 Kd7 33. Rxd6+ Ke7 34. Bb5
Be8 35. Bxe8 Kxe8 36. Rxf6 Ke7 37. Rd6 a4 38. Bxg5+ Ke8 39. Rd8+ Rxd8 40. Bxd8
Kxd8 41. bxa4 Kc7 42. Kf2 Kc6 43. Ke2 Kxc5 44. Kd2 Kb6 45. Kc2 Ka5 46. Kb3 Kb6
47. Kxb4 Kc6 48. h4 {Black resigns} 1-0

[Event "Team 45 45 League T40"]
[Site "Internet Chess Club"]
[Date "2009.02.15"]
[Round "3"]
[White "Mutaant"]
[Black "Invicta-Knight"]
[Result "0-1"]
[WhiteElo "1440"]
[BlackElo "1576"]
[Opening "Scandinavian: Pytel-Wade variation"]
[ECO "B01"]
[Time "10:08:41"]
[TimeControl "2700+45"]

1. e4 d5 2. exd5 Qxd5 3. Nc3 Qd6 4. Bc4 a6 5. Qf3 Nf6 6. d3 Nc6 7. Bf4 e5 8. Bg3
h5 9. Bh4 Nd4 10. Qd1 b5 11. Bb3 Bb7 12. f3 Nxb3 13. axb3 O-O-O 14. Ne4 Qb6 15.
Nxf6 gxf6 16. Bf2 Bc5 17. Bxc5 Qxc5 18. Qd2 f5 19. b4 Qd4 20. Qc3 e4 21. dxe4
fxe4 22. Qxd4 Rxd4 23. c3 Rd6 24. fxe4 Bxe4 25. Nf3 Bxf3 26. gxf3 Re8+ 27. Kf1
Rd2 28. Rxa6 Rd1+ 29. Kg2 Re2+ {White resigns} 0-1

[Event "Team 45 45 League T40"]
[Site "Internet Chess Club"]
[Date "2009.02.16"]
[Round "3"]
[White "stputte"]
[Black "beerss"]
[Result "0-1"]
[WhiteElo "1374"]
[BlackElo "1422"]
[Opening "Bird's opening"]
[ECO "A02"]
[Time "13:00:21"]
[TimeControl "2700+45"]

1. f4 Nf6 2. Nf3 e6 3. g3 d5 4. Bg2 Nc6 5. O-O Bd6 6. d3 O-O 7. c3 Re8 8. Qe1
Rb8 9. Kh1 Ne7 10. e4 Nd7 11. e5 Bc5 12. d4 Bb6 13. Nh4 Nf8 14. Qe2 Nfg6 15. Qc2
Nxh4 16. gxh4 Nf5 17. h5 Qh4 18. Rf3 Qxh5 19. Rh3 Qg4 20. Na3 c6 21. Rg3 Nxg3+
22. hxg3 Qxg3 23. Bd2 Qh4+ 24. Kg1 Bd8 25. Be1 Qxf4 26. Bd2 Qg4 27. Kf2 Bh4+
{White resigns} 0-1

[Event "Team 45 45 League T40"]
[Site "Internet Chess Club"]
[Date "2009.02.13"]
[Round "3"]
[White "seldredg"]
[Black "houseofcook"]
[Result "1/2-1/2"]
[WhiteElo "1418"]
[BlackElo "1447"]
[Opening "Queen's pawn: stonewall attack"]
[ECO "D00"]
[Time "14:30:23"]
[TimeControl "2700+45"]

1. d4 d5 2. e3 Nf6 3. Bd3 b6 4. Nd2 Ba6 5. a3 Bxd3 6. cxd3 e6 7. f4 Nbd7 8. Ngf3
Be7 9. O-O O-O 10. b4 Ng4 11. Nb3 f5 12. h3 Ngf6 13. Ng5 Qc8 14. Nxe6 Re8 15.
Ng5 Nf8 16. Ra2 Ne6 17. Nf3 Nh5 18. Qe1 Qa6 19. Ne5 Bd6 20. Qd1 Nf6 21. Raf2 Qb5
22. g4 fxg4 23. hxg4 Bxe5 24. fxe5 Nd7 25. g5 Nxg5 26. e4 Nh3+ 27. Kh2 Nxf2 28.
Rxf2 Rf8 29. Bf4 Qc6 30. Qg1 Rxf4 31. Rxf4 Qh6+ 32. Kg3 Rf8 33. Qc1 Qg5+ 34. Kf3
Qh5+ 35. Kg3 Qg5+ 36. Kf3 Qh5+ {Game drawn by mutual agreement} 1/2-1/2

[Event "Team 45 45 League T40"]
[Site "Internet Chess Club"]
[Date "2009.02.16"]
[Round "3"]
[White "JimGaming"]
[Black "DrOMM"]
[Result "1-0"]
[WhiteElo "1321"]
[BlackElo "1246"]
[Opening "Caro-Kann: Panov-Botvinnik attack"]
[ECO "B13"]
[Time "14:01:28"]
[TimeControl "2700+45"]

1. e4 c6 2. d4 d5 3. exd5 cxd5 4. c4 dxc4 5. Nc3 Nc6 6. d5 Ne5 7. Bf4 Nd3+ 8.
Bxd3 cxd3 9. Qxd3 a6 10. Nge2 e6 11. O-O Nf6 12. Bg5 Be7 13. Bxf6 Bxf6 14. d6
O-O 15. Rab1 Bd7 16. Rfe1 Rc8 17. Ne4 h6 18. Nxf6+ Qxf6 19. Qf3 Qxf3 20. gxf3
Rc2 21. Nc3 f5 22. Re2 Rxe2 23. Nxe2 e5 24. Rc1 Bc6 25. f4 exf4 26. Nxf4 Rf6 27.
Rd1 Rf7 28. Ng6 Rd7 29. Ne5 Rd8 30. d7 Kf8 31. Nxc6 bxc6 32. Rd6 a5 33. Rxc6
Rxd7 34. Rb6 a4 35. b3 a3 36. Ra6 Rd2 37. Rxa3 Rb2 38. Ra5 g6 39. h4 f4 40. Kg2
Kf7 41. Kf3 h5 42. Ra4 Kg7 43. b4 Kh6 44. a3 g5 45. Ra6+ Kg7 46. hxg5 h4 47. Kg2
h3+ 48. Kxh3 Rxf2 49. Kg4 f3 50. Rf6 Rg2+ 51. Kxf3 Rxg5 52. Rf4 Kg6 53. a4 Rd5
54. b5 Rd3+ 55. Kg4 Rd2 56. Rb4 Rg2+ 57. Kf3 Rc2 58. b6 Kf5 59. b7 Rc3+ 60. Ke2
Rc2+ 61. Kd3 Rc1 62. b8=Q Rd1+ 63. Ke2 Rd5 64. Qf4+ Ke6 65. Re4+ Kd7 66. Qf6 Rd6
67. Qe7+ Kc6 68. Rc4+ Kd5 69. Qe4# {Black checkmated} 1-0

[Event "Team 45 45 League T40"]
[Site "Internet Chess Club"]
[Date "2009.02.14"]
[Round "3"]
[White "goldengel"]
[Black "BotanicalKnight"]
[Result "1/2-1/2"]
[WhiteElo "1443"]
[BlackElo "1602"]
[Opening "Caro-Kann: classical, Spassky variation"]
[ECO "B19"]
[Time "07:01:51"]
[TimeControl "2700+45"]

1. e4 c6 2. d4 d5 3. Nc3 dxe4 4. Nxe4 Bf5 5. Ng3 Bg6 6. h4 h6 7. Nf3 Nd7 8. h5
Bh7 9. Bd3 Bxd3 10. Qxd3 e6 11. Bd2 Ngf6 12. O-O-O Be7 13. Kb1 O-O 14. Qe2 c5
15. dxc5 Bxc5 16. Ne5 Nxe5 17. Qxe5 Nd7 18. Qe2 Qc7 19. Ne4 Rfd8 20. Nxc5 Qxc5
21. Be3 Qc6 22. g4 Ne5 23. Bxh6 gxh6 24. Qxe5 Qf3 25. Kc1 Qxf2 26. Rhf1 Qg2 27.
Qf4 Rxd1+ 28. Rxd1 Rc8 29. Rd2 Qg1+ 30. Rd1 Qg2 {Game drawn by mutual agreement}
1/2-1/2

[Event "Team 45 45 League T40"]
[Site "Internet Chess Club"]
[Date "2009.02.17"]
[Round "3"]
[White "BarryNL"]
[Black "scottrugby"]
[Result "0-1"]
[WhiteElo "1451"]
[BlackElo "1457"]
[Opening "Sicilian defense"]
[ECO "B20"]
[Time "14:02:39"]
[TimeControl "2700+45"]

1. e4 c5 2. d3 g6 3. Nd2 Bg7 4. Ngf3 Nc6 5. g3 d6 6. Bg2 Nf6 7. O-O O-O 8. Nc4
Be6 9. Ne3 Rc8 10. Bd2 b5 11. a3 a5 12. Re1 a4 13. Bc3 Nd4 14. Nxd4 cxd4 15.
Bxd4 Qd7 16. Bc3 Ng4 17. Nxg4 Bxg4 18. Qd2 Bxc3 19. bxc3 Qc7 20. Rab1 Bd7 21. c4
bxc4 22. d4 c3 23. Qd3 Qc4 24. Qxc4 Rxc4 25. d5 e5 26. Re3 Rfc8 27. Bf1 R4c5 28.
h4 f5 29. f3 Kf7 30. Rb7 R8c7 31. Rxc7 Rxc7 32. Re1 Rb7 33. Re3 Rb1 34. Kf2 Rd1
35. Rxc3 Rd2+ 36. Ke1 Rh2 37. Rc7 Ke8 38. Ra7 Rh1 39. Kf2 Rh2+ 40. Bg2 f4 41.
Ra8+ Ke7 42. Rh8 Bh3 43. Rxh7+ Ke8 44. gxf4 Rxg2+ 45. Ke3 exf4+ 46. Kxf4 Rxc2
47. Ra7 Bd7 48. Kg5 Rg2+ 49. Kf4 Ra2 50. Kg5 Rg2+ 51. Kf4 Kd8 52. Ra6 Kc7 53.
Ra7+ Kc8 54. Ra8+ Kb7 55. Rd8 Kc7 56. Ra8 Bb5 57. Ke3 Ra2 58. Rg8 Rxa3+ 59. Kf4
Rd3 60. Rxg6 a3 61. h5 a2 62. Rg1 Ba4 63. h6 Rd1 64. h7 a1=Q 65. Rxd1 Bxd1
{White resigns} 0-1

[Event "Team 45 45 League T40"]
[Site "Internet Chess Club"]
[Date "2009.02.12"]
[Round "3"]
[White "thefranman"]
[Black "Sir-Anthony"]
[Result "0-1"]
[WhiteElo "1276"]
[BlackElo "1550"]
[Opening "English opening"]
[ECO "A16"]
[Time "17:00:17"]
[TimeControl "2700+45"]

1. c4 Nf6 2. Nc3 c6 3. g3 e6 4. Bg2 d5 5. cxd5 cxd5 6. e3 a6 7. Nge2 Bb4 8. O-O
Bxc3 9. Nxc3 O-O 10. d3 Nc6 11. a3 b5 12. b4 Bb7 13. d4 Nd7 14. Bb2 Nb6 15. Nb1
Nc4 16. Bc3 Rc8 17. Nd2 Nb6 18. Rc1 Qg5 19. f4 Qg6 20. Nf3 Nc4 21. Qe2 Nxa3 22.
Nh4 Qf6 23. f5 Qe7 24. f6 gxf6 25. Qg4+ Kh8 26. Rf4 Rg8 27. Qf3 f5 28. Bf1 Qg5
29. Ng2 Rg7 30. Rh4 Nc4 31. Nf4 Qxh4 32. Be1 Rcg8 33. Nh5 Qg5 34. Kf2 Nxd4 35.
exd4 Qxc1 36. Nf6 Qb2+ 37. Be2 Qxd4+ 38. Kg2 Qxf6 39. Bc3 d4 40. Qxb7 dxc3 41.
Qxa6 Ne3+ 42. Kf3 c2 43. Qa3 Ng4 44. Bxb5 Nxh2+ 45. Kg2 Qh6 46. Qc3 c1=Q {White
resigns} 0-1

[Event "Team 45 45 League T40"]
[Site "Internet Chess Club"]
[Date "2009.02.18"]
[Round "3"]
[White "rd00d"]
[Black "theartist"]
[Result "1-0"]
[WhiteElo "1404"]
[BlackElo "1173"]
[Opening "French: advance, Euwe variation"]
[ECO "C02"]
[Time "14:05:54"]
[TimeControl "2700+45"]

1. e4 e6 2. d4 d5 3. e5 c5 4. c3 Bd7 5. Nf3 Nc6 6. Be2 Qb6 7. dxc5 Bxc5 8. O-O
Nh6 9. b4 Be7 10. Be3 Qc7 11. h3 Nxe5 12. Nxe5 Qxe5 13. Bd4 Qg5 14. f4 Qg6 15.
Bd3 Nf5 16. Kh2 Qg3+ 17. Kh1 Nxd4 18. cxd4 Bxb4 19. Rf3 Qe1+ 20. Qxe1 Bxe1 21.
Na3 Ba5 22. Bb5 a6 23. Bxd7+ Kxd7 24. g4 f6 25. Nc2 Kd6 26. Rb3 b5 27. Rd1 Rhc8
28. Ne3 Rc3 29. Kg2 Rxb3 30. axb3 Bc3 31. Rd3 b4 32. f5 Re8 33. fxe6 Kxe6 34.
Nf5 Rg8 35. Re3+ Kf7 36. Re7+ Kg6 37. Rd7 h6 38. Ne7+ Kh7 39. Nxg8 Kxg8 40. Rxd5
Kf8 41. Kf3 Ke7 42. Ke4 Ke6 43. Ra5 g6 44. Rxa6+ Ke7 45. d5 h5 46. Re6+ Kf7 47.
gxh5 gxh5 48. Kf5 Be5 49. Rb6 Bc3 50. d6 Be5 51. Rb7+ Ke8 52. d7+ Kd8 53. Ke6
Bc7 54. Rxb4 f5 55. Ra4 Bb8 56. Rh4 f4 57. Rxh5 Ba7 58. Rf5 Be3 59. h4 Kc7 60.
h5 Kd8 61. Rf8+ Kc7 62. d8=Q+ {Black resigns} 1-0

[Event "Team 45 45 League T40"]
[Site "Internet Chess Club"]
[Date "2009.02.17"]
[Round "3"]
[White "parrot9"]
[Black "kidviper"]
[Result "1-0"]
[WhiteElo "1709"]
[BlackElo "1663"]
[Opening "Scandinavian: Pytel-Wade variation"]
[ECO "B01"]
[Time "14:26:38"]
[TimeControl "2700+45"]

1. e4 d5 2. exd5 Qxd5 3. Nc3 Qd6 4. d4 Nf6 5. Nf3 a6 6. Bc4 b5 7. Bb3 Bb7 8. O-O
e6 9. Re1 Be7 10. Qd3 O-O 11. a4 b4 12. Ne2 a5 13. Bf4 Qd8 14. c4 c5 15. Rad1
cxd4 16. Nexd4 Nc6 17. Bc2 Nxd4 18. Nxd4 Qb6 19. Be5 g6 20. Nb5 Qc6 21. Qh3 Nd7
22. Bd6 Rfe8 23. Be4 Qb6 24. Bxe7 Rxe7 25. Rd6 Qc5 26. Bxb7 Rb8 27. Bc6 Ne5 28.
Bf3 Kg7 29. Red1 Nxf3+ 30. Qxf3 Qxc4 31. g3 Qc2 32. b3 Qc5 33. Qd3 Qh5 34. Qd4+
e5 35. Qd5 Qe2 36. Rd7 Rxd7 37. Qxd7 Qc2 38. Qd5 Qe2 39. Nd6 Rf8 40. Rd2 Qe1+
41. Kg2 Qa1 42. Qxa5 Qc3 43. Qd5 f6 44. Rd3 Qc7 45. Nb5 Qc2 46. Rd2 Qc1 47. Qb7+
Kh6 48. Rd7 Rh8 49. Nd6 Rf8 50. Rxh7+ Kg5 51. h4+ Kg4 52. Qf3# {Black
checkmated} 1-0

[Event "Team 45 45 League T40"]
[Site "Internet Chess Club"]
[Date "2009.02.15"]
[Round "3"]
[White "basserben"]
[Black "ElmerHo"]
[Result "1-0"]
[WhiteElo "1685"]
[BlackElo "1586"]
[Opening "Sicilian: Pelikan (Lasker/Sveshnikov) variation"]
[ECO "B33"]
[Time "21:00:47"]
[TimeControl "2700+45"]

1. e4 c5 2. Nf3 Nc6 3. d4 cxd4 4. Nxd4 Nf6 5. Nc3 e5 6. Ndb5 d6 7. Bg5 a6 8.
Bxf6 gxf6 9. Na3 b5 10. Nd5 Bg7 11. Nb1 f5 12. Bd3 Ne7 13. Nbc3 fxe4 14. Bxe4
Rb8 15. Qf3 Nxd5 16. Nxd5 Be6 17. O-O Bxd5 18. Bxd5 Qe7 19. Bc6+ Kf8 20. Rfe1
Qf6 21. Qb3 e4 22. Rad1 Qxb2 23. Qxb2 Bxb2 24. Rxd6 Kg7 25. Rxe4 Rhd8 26. Rxd8
Rxd8 27. g3 Rd1+ 28. Kg2 Rd6 29. Rg4+ Kf8 30. Be4 Rd4 31. Kf3 Bc1 32. Bxh7
{Black resigns} 1-0

[Event "Team 45 45 League T40"]
[Site "Internet Chess Club"]
[Date "2009.02.16"]
[Round "3"]
[White "Invicta-Knight"]
[Black "islanderpfeifer"]
[Result "0-1"]
[WhiteElo "1557"]
[BlackElo "1621"]
[Opening "Sicilian: Grand Prix attack"]
[ECO "B23"]
[Time "15:40:07"]
[TimeControl "2700+45"]

1. e4 c5 2. Nc3 Nc6 3. f4 a6 4. Nf3 d6 5. a3 Nf6 6. Bc4 Bg4 7. Be2 e6 8. O-O Be7
9. d3 O-O 10. Be3 Re8 11. d4 cxd4 12. Nxd4 Bxe2 13. Qxe2 Qb6 14. Nxe6 Qxb2 15.
Qd3 fxe6 16. Rfb1 Qxb1+ 17. Rxb1 b5 18. a4 b4 19. Na2 a5 20. Qb5 Rec8 21. c3 Ng4
22. Qe2 Nxe3 23. Qxe3 Bf6 24. Qd3 bxc3 25. Nxc3 Nd4 26. Kf2 Rc5 27. Ne2 Rc2 28.
Re1 Rb8 29. Kf1 Rbb2 30. Nxd4 Rf2+ 31. Kg1 Rxg2+ 32. Kf1 Rbf2# {White
checkmated} 0-1

[Event "Team 45 45 League T40"]
[Site "Internet Chess Club"]
[Date "2009.02.14"]
[Round "3"]
[White "SenecaOne"]
[Black "EyeAm"]
[Result "0-1"]
[WhiteElo "1359"]
[BlackElo "1487"]
[Opening "Réti v Dutch"]
[ECO "A04"]
[Time "11:00:12"]
[TimeControl "2700+45"]

1. Nf3 f5 2. g3 Nf6 3. Bg2 g6 4. d4 Bg7 5. c3 O-O 6. Bf4 d5 7. Qc1 Nh5 8. Bh6
Nc6 9. Bxg7 Kxg7 10. Nbd2 Qd6 11. Ng5 f4 12. Ndf3 Bg4 13. Qd2 a5 14. Ne5 Be6 15.
Nxe6+ Qxe6 16. Nxc6 bxc6 17. O-O Qd6 18. a4 e6 19. Bf3 Nf6 20. Qxf4 Qxf4 21.
gxf4 Nd7 22. e3 Rab8 23. Rab1 Nb6 24. b3 Nd7 25. Bg4 Rf6 26. Kg2 h5 27. Be2 Rff8
28. h4 Nf6 29. Kh3 Ne4 30. Bd3 Nd2 31. Bc2 Nxf1 32. Rxf1 Rf6 33. Rg1 Rb6 {White
resigns} 0-1